 Dungeon Crawl Stone Soup version 0.31-a0-263-ge8cad7f256 (webtiles) character file.

Game seed: 9831812806182107907

42 qw the Shooter (level 3, 0/30 HPs)
             Began as a Minotaur Hexslinger on July 13, 2023.
             Slain by a gnoll
             ... wielding a +0 club
             ... led by a gnoll bouda
              (8 damage)
             ... on level 2 of the Dungeon.
             The game lasted 00:00:25 (1575 turns).

qw the Shooter (Minotaur Hexslinger)                Turns: 1575, Time: 00:00:25

Health: 0/30       AC:  4    Str: 12    XL:     3   Next: 35%
Magic:  3/3        EV: 12    Int: 10    God:
Gold:   123        SH:  0    Dex: 14    Spells: 3/4 levels left

rFire   . . .        Y - +1 sling
rCold   . . .        (no shield)
rNeg    . . .        e - +0 leather armour
rPois   .            (helmet restricted)
rElec   .            b - +0 cloak
rCorr   .            (no gloves)
SInv    .            (no boots)
Will    .....        (no amulet)
Stlth   +            (no ring)
HPRegen 0.25/turn    (no ring)
MPRegen 0.08/turn

%: no passive effects
@: no status effects
A: horns 2, retaliatory headbutt, talons 1, noise suppression
a: no special abilities


You were on level 2 of the Dungeon.
You visited 1 branch of the dungeon, and saw 3 of its levels.

You collected 123 gold pieces.


Innate Abilities, Weirdness & Mutations

You have a pair of horns on your head.
You reflexively headbutt those who attack you in melee.
You have sharp toenails.
You passively dampen the noise of your surroundings.


   Skills:
 - Level 2.5 Fighting
 + Level 3.6 Ranged Weapons
 - Level 2.1 Dodging
 - Level 1.0 Spellcasting
 - Level 2.0 Hexes


You had 3 spell levels left.
You knew the following spells:

 Your Spells              Type           Power      Damage    Failure   Level
a - Slow                  Hex            16%        N/A       19%         1

Your spell library contained the following spells:

 Spells                   Type           Power      Damage    Failure   Level
 Inner Flame              Hex/Fire       2%         N/A       65%         3
 Portal Projectile        Hex/Tloc       4%         N/A       65%         3
 Cause Fear               Hex            2%         N/A       88%         4

Inventory:

Hand Weapons
 Y - a +1 sling (weapon)
Armour
 b - a +0 cloak (worn)
 e - a +0 leather armour (worn)
Scrolls
 c - a scroll of identify
Potions
 a - a potion of mutation
 d - a potion of berserk rage {unknown}
 f - 2 potions of curing
 g - a potion of might {unknown}

Dungeon Overview and Level Annotations

Branches:
Dungeon (3/15)

Altars:

Annotations:
D:2 1 runed translucent door, Crazy Yiuf


Message History

The sling bullet closely misses the gnoll.
The gnoll hits you from afar with a +0 spear.
The gnoll bouda barks out a call to the hunt!
The gnolls pick up the pace!
1569 ||| STAIRDANCE The gnoll hits you but does no damage.
The gnoll hits you from afar with a +0 spear.
The gnoll closely misses you. The worm closely misses you.
You climb upwards.
Level annotation: 1 runed translucent door, Crazy Yiuf
There is a stone staircase leading down here.
Enter note:
Enter note:
Enter note:
Enter note:
Enter note:
Enter note:
Enter note:
Enter note:
Enter note: You shoot a sling bullet.
The sling bullet hits the gnoll.
The gnoll is moderately wounded.
The gnoll closely misses you. The gnoll misses you.
You shoot a sling bullet.
The sling bullet closely misses the gnoll.
The gnoll hits you with a +0 whip. The gnoll hits you but does no damage.
The worm bites you but does no damage. The gnoll hits you with a +0 whip.
You shoot a sling bullet.
The sling bullet hits the gnoll but does no damage.
The gnoll is moderately wounded.
The gnoll closely misses you. The worm barely misses you.
The gnoll hits you with a +0 whip! The gnoll barely misses you.
You shoot a sling bullet. The sling bullet hits the gnoll.
The gnoll is heavily wounded.
The gnoll hits you with a +0 whip. The gnoll hits you but does no damage.
The worm completely misses you.
You shoot a sling bullet.
The sling bullet barely misses the gnoll.
The gnoll barely misses you. The gnoll hits you with a +0 club!
You die...

#### ##'###############.# ...#
#.#...............#
...######...####.......##.##
..........#.####.##........#
...###....#...##.##.##..#..#
...###....#.#..#.##.##..#..#
#................##.#..#...#
###.##.####.#.#gg##....#.#.###
#.##.# #.#.#w@...##.#.#...#
###.##.# #.#.#####.##.#.###.#
....##.## #.#.# #.##.#.# #.#
####....# #.#.# #<##.#.###.#
..##....# #.#.# ####.#.....#
...#....# #.#.########.#########
#..#....###.........##.........#
#..#........#######.##########.#
#..#.....#### #.# ####.#


You could see a worm and 2 gnolls.

Vanquished Creatures
  2 adders (D:2)
  A bat (D:1)
  An endoplasm (D:1)
  A giant cockroach (D:1)
  3 hobgoblins (D:2)
  3 kobolds
  2 quokkas (D:1)
  4 ball pythons
  2 frilled lizards (D:1)
  2 goblins
  5 rats
26 creatures vanquished.

Notes
Turn   | Place    | Note
-------+----------+-------------------------------------------
     0 | D:1      | qw the Minotaur Hexslinger began the quest for the Orb.
     0 | D:1      | Reached XP level 1. HP: 16/16 MP: 1/1
     0 | D:1      | 0 ||| qw: Version: 0.3-a-52-g30416fa
     0 | D:1      | 0 ||| qw: Game counter: 7221
     0 | D:1      | 0 ||| qw: Melee chars always use a shield: true
     0 | D:1      | 0 ||| qw: God list: Okawaru
     0 | D:1      | 0 ||| qw: Allow faded altars: false
     0 | D:1      | 0 ||| qw: Do Orc after clearing Dungeon:15 true
     0 | D:1      | 0 ||| qw: Do second Lair branch before Depths: true
     0 | D:1      | 0 ||| qw: Lair rune preference: random
     0 | D:1      | 0 ||| qw: Goals: Normal
     0 | D:1      | 0 ||| PLANNING D:1-11
   258 | D:1      | Reached skill level 3 in Ranged Weapons
   283 | D:1      | Reached XP level 2. HP: 18/23 MP: 2/2
   650 | D:1      | 650 ||| UPGRADING to +0 leather armour.
   660 | D:1      | 660 ||| DROPPING +0 robe.
   661 | D:1      | 661 ||| READING scroll labelled ZIRGHA LOPRE.
   662 | D:1      | 662 ||| READING scroll labelled UGEV ERIGUOVAVU.
   663 | D:1      | 663 ||| DRINKING 3 bubbling green potions.
   664 | D:1      | 664 ||| DROPPING scroll of poison.
   877 | D:2      | Reached XP level 3. HP: 30/30 MP: 3/3
   970 | D:2      | HP: 7/30 [poisoned by an adder]
  1382 | D:2      | Found a runed translucent door.
  1383 | D:2      | Noticed Crazy Yiuf
  1528 | D:2      | 1528 ||| UPGRADING to +0 cloak.
  1533 | D:2      | 1533 ||| READING scroll labelled JEESHR VAXZAR.
  1534 | D:2      | 1534 ||| DRINKING 2 emerald potions.
  1534 | D:2      | Gained mutation: You have sharp toenails. [potion of
                  | mutation]
  1534 | D:2      | Gained mutation: You passively dampen the noise of your
                  | surroundings. [potion of mutation]
  1569 | D:3      | 1569 ||| STAIRDANCE
  1575 | D:2      | Slain by a gnoll

Levels and vault maps discovered:
D:1:      co_arrival_square_in_a_square_in_a_square, layout_basic
D:2:      layout_basic, uniq_crazy_yiuf_cottage
D:3:      layout_loops_ring, lemuel_round_altar, uniq_ijyb

Skill      XL: |  1  2 |
---------------+-------+-----
Ranged Weapons | 3 |  3.6
Fighting       | 2 |  2.5
Dodging        | |  2.1
Spellcasting   | |  1.0
Hexes          | |  2.0

Action                     || total
---------------------------++-------
   Fire: Sling             ||    80
    Use: Scroll            ||     3
         Potion            ||     2
 Armour: Robe              ||     2
         Leather armour    ||     8
  Dodge: Dodged            ||    28

Table legend:
 A = Non-vault XP
 B = Vault XP
 C = Vault XP percentage of total XP
 D = Non-vault monster count
 E = Vault monster count
 F = Vault count percentage of total count
                 A         B        C        D         E       F
            +---------+---------+-------+---------+---------+-------
      Total |      61 |       0 |   0.0 |      26 |       0 |   0.0
            +---------+---------+-------+---------+---------+-------
        D:1 |      18 |       0 |   0.0 |      12 |       0 |   0.0
        D:2 |      43 |       0 |   0.0 |      14 |       0 |   0.0
            +---------+---------+-------+---------+---------+-------
